 Dungeon Crawl Stone Soup version 0.19.0-2-gae57169 (webtiles) character file.

62 Neder the Chopper (level 3, -1/29 HPs)
             Began as a Demonspawn Fighter on Nov 4, 2016.
             Slain by a gnoll
             ... wielding a +0 halberd
              (8 damage)
             ... on level 2 of the Dungeon.
             The game lasted 00:01:51 (1483 turns).

Neder the Chopper (Demonspawn Fighter)              Turns: 1483, Time: 00:01:51

Health: -1/29      AC:  8    Str: 17    XL:     3   Next: 85%
Magic:  3/3        EV:  9    Int:  9    God:
Gold:   86         SH:  0    Dex: 12    Spells: 0 memorised, 2 levels left

rFire  . . .     SeeInvis .     a - +0 war axe
rCold  . . .     Gourm    .     b - +0 scale mail
rNeg   . . .     Faith    .     (no shield)
rPois  .         Spirit   .     (helmet restricted)
rElec  .         Reflect  .     (no cloak)
rCorr  .         Harm     .     (no gloves)
MR     .....                    (no boots)
Stlth  ..........               (no amulet)
                                (no ring)
                                (no ring)

@: no status effects
A: antennae 1, molten scales 1
a: no special abilities


You were on level 2 of the Dungeon.
You were near starving.

You visited 1 branch of the dungeon, and saw 2 of its levels.

You collected 86 gold pieces.

Inventory:

Hand Weapons
 a - a +0 war axe (weapon)
Armour
 b - a +0 scale mail (worn)
Jewellery
 h - a cursed ring of teleportation {unknown}
Scrolls
 g - 2 scrolls of remove curse {unknown}
 i - a scroll of identify {unknown}
 l - a scroll of enchant armour {unknown}
 m - a scroll of random uselessness {unknown}
Potions
 c - a potion of flight {unknown}
 d - a potion of might
 e - 2 potions of curing {unknown}
 k - a potion of cancellation {unknown}
Comestibles
 f - 2 bread rations
 j - a beef jerky


   Skills:
 - Level 3.0 Fighting
 + Level 3.8 Axes
 - Level 2.6 Armour
   Level 2.6 Shields


You had 2 spell levels left.
You didn't know any spells.

Dungeon Overview and Level Annotations

Branches:
Dungeon (2/15)

Altars:


Innate Abilities, Weirdness & Mutations

You have a pair of small antennae on your head.
You are partially covered in molten scales. (AC +2)


Message History

The goblin hits you but does no damage. The hobgoblin hits you.
The gnoll hits you.
Unknown command.
You slash the gnoll!
The gnoll is almost dead.
You hit the hobgoblin. You hit the goblin.
You kill the goblin!
The hobgoblin closely misses you. The gnoll barely misses you.
Unknown command.
You hit the gnoll but do no damage.
The gnoll is almost dead.
You closely miss the hobgoblin. You closely miss the goblin.
The hobgoblin hits you but does no damage.
The gnoll hits you.
* * * LOW HITPOINT WARNING * * *
The goblin hits you with a club.
* * * LOW HITPOINT WARNING * * *
The hobgoblin hits you but does no damage.
The gnoll hits you from afar with a halberd!
You die...

###.#.#......
..........######### .#
##.#..............# .
#.#..............#.#
#.##>....####....#.##
##.##.....# #†...g..g
...##.....# #(# .# ###.
...##.....####(##g#.....
...............#@gg..#
....#........(.).g.###
....#.........)....#
....#..............#
....######...........
....# #...(.....##..
....# #.........# .
....# #.........# ....#
#.........#


You could see 2 gnolls, 2 hobgoblins and a goblin.

Vanquished Creatures
  Robin (D:2)
  A worm (D:2)
  3 dart slugs
  A leopard gecko (D:1)
  4 bats (D:1)
  2 giant cockroaches (D:2)
  13 goblins
  4 hobgoblins
  3 jackals (D:2)
  3 kobolds (D:2)
  A frilled lizard (D:2)
  A rat (D:2)
37 creatures vanquished.

Notes
Turn   | Place    | Note
-------+----------+-------------------------------------------
     0 | D:1      | Neder the Demonspawn Fighter began the quest for the Orb.
     0 | D:1      | Reached XP level 1. HP: 18/18 MP: 1/1
   346 | D:1      | Gained mutation: You have a pair of small antennae on your head. [demonic ancestry]
   346 | D:1      | Reached XP level 2. HP: 10/24 MP: 2/2
  1319 | D:2      | Gained mutation: You are partially covered in molten scales. (AC +2) [demonic ancestry]
  1319 | D:2      | Reached XP level 3. HP: 25/29 MP: 3/3
  1469 | D:2      | Noticed Robin
  1477 | D:2      | Killed Robin
  1483 | D:2      | Slain by a gnoll

Skill      XL: |  1  2 |
---------------+-------+-----
Axes           | 2 3 |  3.8
Fighting       | |  3.0
Armour         | |  2.6
Shields        | |  2.6

Action                   || total
-------------------------++-------
Melee: War axe           ||   110
Armor: Scale mail        ||    87
Dodge: Dodged            ||    33
Block: Shield            ||    56
